[Event "10th Cesme Open-A 2024"]
[Site "Cesme"]
[Date "2024.06.23"]
[Round "1"]
[White "Jafarli, Babak"]
[Black "Kovalev, Vladislav"]
[Result "0-1"]
[ECO "A01"]
[WhiteElo "2192"]
[BlackElo "2559"]
[Annotator "TA"]
[PlyCount "50"]
[EventDate "2024.06.23"]
[EventType "swiss"]
[EventCountry "TUR"]
[SourceTitle "playchess.com"]
[Source "ChessBase"]
[SourceQuality "1"]
[TimeControl "5400+30"]

1. b3 d6 2. Bb2 Nd7 3. e3 Ngf6 4. f4 g6 5. Nf3 Bg7 6. g3 {[%emt 0:00:30] [#]} e5 $1 7. Bg2 (7. fxe5 dxe5) 7... O-O 8. O-O {[%emt 0:00:30] Black has an edge.} Re8 9. a4 a5 10. Na3 {[%emt 0:02:30] [#]} (10. d3 $11 {keeps the balance.}) 10... exf4 (10... e4 $1 $17 11. Nd4 d5) 11. gxf4 ({Better is} 11. exf4 $11 c6 12. Re1) 11... Nc5 12. Qe1 c6 13. Qh4 d5 14. Rae1 Nce4 15. Ng5 Nh5 16. Bxg7 Kxg7 17. Bxe4 {[%emt 0:00:30] Loses the game.} (17. Nb1 $17) 17... dxe4 $19 (17... Rxe4 18. d3 Rb4 19. Rc1 $19) 18. f5 h6 (18... Qxd2 19. Nc4 (19. Nxe4 Qd5 $15) 19... Qb4 20. fxg6 (20. Nxe4 Kg8 $16) 20... fxg6 21. Rf7+ (21. Nxe4 Qe7 $11) 21... Kg8 22. Ref1 $18 (22. Rxh7 Re7 $16)) (18... Bxf5 19. Rxf5 f6 20. Nh3 $16) 19. f6+ Nxf6 20. Nh3 Nh5 ({Much less strong is} 20... Bxh3 21. Qxh3 Qxd2 22. Nc4 $19) (20... Re5 $142 {[%cal Oc8h3] White must now prevent ...Bxh3!} 21. Nc4 Rc5 (21... Rh5 $2 22. Qxf6+ Qxf6 23. Rxf6 $19)) 21. Qxd8 Rxd8 22. Nf4 Nxf4 23. Rxf4 Rxd2 24. Rxe4 Be6 25. Re5 (25. Rd4 {was necessary.} Rd8 (25... Rxd4 $2 26. exd4 Rd8 27. Rd1 $19) 26. Rxd8 Rxd8 27. Rf1) 25... b6 {[%emt 0:02:00] Weighted Error Value: White=0.49/Black=0.30.  Loses game:     	White=1     	---        Mistake:       	White=3     	Black=2      Inaccurate:     	White=2     	Black=1      OK:         	White=4     	Black=7      Best:        	White=1     	Black=2} 0-1

[Event "10th Cesme Open-A 2024"]
[Site "Cesme"]
[Date "2024.06.23"]
[Round "1"]
[White "Ozen, Metehan"]
[Black "Kharitonov, Alexandr"]
[Result "0-1"]
[ECO "B12"]
[WhiteElo "2160"]
[BlackElo "2522"]
[Annotator "TA"]
[PlyCount "149"]
[EventDate "2024.06.23"]
[EventType "swiss"]
[EventCountry "TUR"]
[SourceTitle "playchess.com"]
[Source "ChessBase"]
[SourceQuality "1"]
[TimeControl "5400+30"]

1. e4 c6 2. d4 d5 3. e5 Bf5 4. h4 h5 5. Bd3 Bxd3 6. Qxd3 e6 7. Bg5 {[%emt 0:00:30] B12: Caro-Kann: Advance Variation.} Qa5+ 8. Nd2 Qa6 9. c4 Nd7 10. Ngf3 Ne7 11. O-O Nf5 12. Rfe1 Bb4 13. b3 c5 $146 ({Predecessor:} 13... Nb6 14. a3 Be7 15. Qc3 dxc4 16. bxc4 Bxg5 17. hxg5 O-O-O 18. a4 Nd7 19. Ne4 Rhf8 {1-0 Zhu,J (2360)-Bao,Q (2434) Xingtai op 2018 (4)}) 14. a3 dxc4 15. bxc4 Bxd2 16. Bxd2 cxd4 17. Bb4 $1 Rd8 18. Qe4 (18. Nxd4 Nb8 19. Bd6 Nxd6 (19... Nxh4 $2 20. Qg3 $18) 20. exd6 Qxd6 $17) (18. Rac1 $11) 18... Nb8 19. Rab1 Nc6 20. Bc5 (20. Rec1 $15) 20... Qa5 (20... Qxc4 $17 21. Rec1 Qa6) 21. Rb5 Qc7 22. a4 b6 (22... a6 $5 23. Bb6 Qd7 $11) 23. Ba3 Nce7 24. c5 O-O 25. cxb6 axb6 26. a5 $1 Rb8 (26... bxa5 $2 {is the wrong capture.} 27. Rb7 Qc6 28. Rxe7 (28. Bxe7 Qxe4 29. Rxe4 Rb8 $18) 28... Qxe4 29. Rxe4 $18) (26... Qc4 {is interesting.} 27. Rxb6 Rfe8 28. Bxe7 Rxe7 29. a6 Ra7) 27. axb6 ({Reject} 27. Nxd4 bxa5 28. Nxf5 Nxf5 (28... Rxb5 $2 {perishes.} 29. Nxe7+ Kh8 30. Qe2 $18)) (27. Rc1 {seems wilder.} Qa7 28. Bd6 Rbc8 29. Rxc8 Rxc8 30. Bxe7 Qxe7 31. axb6 Qd8 32. b7) 27... Rxb6 28. Rxb6 Qxb6 29. Bxe7 Nxe7 30. Qxd4 Qxd4 31. Nxd4 Rd8 32. Nf3 Kh7 33. g3 Kg6 34. Kg2 Rd7 35. Re4 Nd5 36. Re1 Rb7 37. Re2 Rc7 38. Rb2 Kf5 39. Re2 Ne7 40. Nd4+ Kg6 41. Rb2 Ng8 42. Nf3 Nh6 43. Re2 Rc5 44. Rb2 Ng4 45. Re2 $1 Rc4 46. Ng5 Rb4 47. Kg1 Rb5 48. Nf3 Rd5 49. Re4 $1 Ra5 50. Re2 $1 Ra4 51. Ng5 Nh6 52. Kg2 Kf5 53. Re3 Ra2 54. Re4 (54. Rf3+ $11 Kg6 55. Nh3) 54... Kg6 ({Better is} 54... Ra5 $15) 55. Nh3 $11 Ng4 56. Kg1 ({White should play} 56. Rb4 $11) 56... Ra5 $15 57. Nf4+ Kh6 $1 58. Re2 Nxe5 59. Kg2 Ng4 60. Nd3 g6 61. Nf4 Kg7 62. Nd3 Kf6 63. Rb2 Kf5 64. Rb4 e5 65. Rb2 Ke4 66. Ne1 Kd5 67. Nd3 Kd4 68. Ne1 f6 69. Nf3+ Kc3 70. Re2 Rb5 71. Nh2 $2 {[%emt 0:02:29][%mdl 8192] [#]} (71. Ne1 $17 {is a better chance.}) 71... Rb2 $1 $19 72. Rxb2 Kxb2 73. Nxg4 (73. Nf3 $19 Kc2 74. Kg1) 73... hxg4 74. f3 gxf3+ 75. Kxf3 0-1

[Event "10th Cesme Open-A 2024"]
[Site "Cesme"]
[Date "2024.06.23"]
[Round "1"]
[White "Maruflu, Enes Yusuf"]
[Black "Gholami, Aryan"]
[Result "1/2-1/2"]
[ECO "B41"]
[WhiteElo "2141"]
[BlackElo "2481"]
[Annotator "TA"]
[PlyCount "75"]
[EventDate "2024.06.23"]
[EventType "swiss"]
[EventCountry "TUR"]
[SourceTitle "playchess.com"]
[Source "ChessBase"]
[SourceQuality "1"]
[TimeControl "5400+30"]

1. e4 c5 2. Nf3 e6 3. d4 cxd4 4. Nxd4 a6 5. c4 Nf6 6. Nc3 Qc7 7. a3 b6 8. Be3 Bb7 9. f3 d6 10. Be2 Nbd7 {[%emt 0:00:30] White is slightly better.} 11. Rc1 Be7 12. O-O Rc8 13. b4 O-O 14. Qd2 Qb8 15. Rfd1 Bd8 16. Kh1 Bc7 17. b5 {[%emt 0:03:30] Hoping for bxa6.} a5 18. Nc6 Bxc6 19. bxc6 Nc5 {[%emt 0:00:00] [#]} 20. Rb1 {[%emt 0:00:30] Wards off Nb3} Qa8 21. Nb5 Qxc6 22. Na7 ({And not} 22. Nxd6 Rcd8 23. e5 Ne8 $17) 22... Qa8 23. Nxc8 Rxc8 24. Bd4 Nfd7 25. Bf1 {[%emt 0:01:30] White is more active.} Ne5 26. Qe1 Qc6 27. Qe3 h6 28. Qc3 Na4 29. Qb3 Nc5 30. Qb2 f6 31. Qb5 Qa8 32. Rb2 Nc6 {[%emt 0:01:18] [#] Strongly threatening ...Na7.} 33. Rbd2 Nxd4 34. Rxd4 Rd8 35. R4d2 Kf7 36. g3 {[%emt 0:06:04] White is better.} Ke7 37. Bg2 Qa6 38. Bf1 {[%emt 0:07:19] Weighted Error Value: White=0.06 (flawless) /Black=0.07 (flawless) .  Mistake:       	White=1     	---        Inaccurate:     	---       	Black=2      OK:         	White=10    	Black=11     Best:        	White=1     	---} ({White should play} 38. Qxa6 $16 Nxa6 39. f4) 1/2-1/2

[Event "10th Cesme Open-A 2024"]
[Site "Cesme"]
[Date "2024.06.23"]
[Round "1"]
[White "Zeynalli, Rashad"]
[Black "Annaberdiyev, Meylis"]
[Result "0-1"]
[ECO "B13"]
[WhiteElo "2127"]
[BlackElo "2467"]
[Annotator "RC"]
[PlyCount "172"]
[EventDate "2024.06.23"]
[EventType "swiss"]
[EventCountry "TUR"]
[SourceTitle "playchess.com"]
[Source "ChessBase"]
[SourceQuality "1"]
[TimeControl "5400+30"]

1. d4 d5 2. Bf4 c5 3. e3 Nc6 4. Nf3 cxd4 5. exd4 Bg4 6. c3 e6 7. Qb3 Bd6 8. Qxb7 Bxf4 9. Qxc6+ Kf8 10. Ne5 Bxe5 11. dxe5 Ne7 12. Qb7 Qb8 13. Qxb8+ Rxb8 14. b4 Ng6 15. Nd2 Nxe5 16. f4 Nd7 17. Bd3 d4 18. Rc1 Ke7 19. h3 Bh5 20. g4 Bg6 21. f5 exf5 22. gxf5 Bh5 23. Kf2 Rhc8 24. cxd4 Rxc1 25. Rxc1 Rxb4 26. Rc7 Kd8 27. Rxa7 Rxd4 28. Ke3 Rh4 29. Bf1 g6 30. a4 gxf5 31. a5 Ne5 32. Ra8+ Kc7 33. Re8 Kd6 34. Rd8+ Kc7 35. Re8 Nc6 36. Nc4 Bd1 37. a6 Bb3 38. a7 Nxa7 39. Re7+ Kb8 40. Re8+ Nc8 41. Nd6 Be6 42. Rf8 Kc7 43. Nxc8 Bxc8 44. Rxf7+ Kd6 45. Ra7 Be6 46. Bg2 Bd7 47. Kf2 h5 48. Kg3 Rb4 49. Ra6+ Ke5 50. Ra5+ Kf6 51. Ra7 h4+ 52. Kf2 Rb2+ 53. Ke3 Be6 54. Bf1 f4+ 55. Kf3 Ke5 56. Ra5+ Bd5+ 57. Kg4 Rb4 58. Kxh4 Ke4 59. Kg4 Be6+ 60. Kh4 Kf3 61. Bb5 Kf2 62. Ra4 Rxb5 63. Rxf4+ Ke3 64. Rf6 Bf5 65. Kg3 Be4 66. Kg4 Rb1 67. h4 Rg1+ 68. Kh5 Kd4 69. Kh6 Ke5 70. Rf7 Rg6+ 71. Kh5 Rg8 72. Kh6 Ke6 73. Rg7 Ra8 74. Kg5 Bf3 75. Rg6+ Ke5 76. h5 Ra5 77. Kh4 Ra1 78. Kg3 Be4 79. Rb6 Rg1+ 80. Kf2 Rh1 81. Rh6 Kf4 82. Rh8 Rh2+ 83. Kg1 Rg2+ 84. Kf1 Ke3 85. h6 Rh2 86. Rg8 Rb2 0-1

[Event "10th Cesme Open-A 2024"]
[Site "Cesme"]
[Date "2024.06.23"]
[Round "1"]
[White "Baylav, Can"]
[Black "Durak, Can"]
[Result "0-1"]
[ECO "B66"]
[WhiteElo "2118"]
[BlackElo "2442"]
[Annotator "TA"]
[PlyCount "88"]
[EventDate "2024.06.23"]
[EventType "swiss"]
[EventCountry "TUR"]
[SourceTitle "playchess.com"]
[Source "ChessBase"]
[SourceQuality "1"]
[TimeControl "5400+30"]

1. e4 c5 2. Nf3 d6 3. d4 cxd4 4. Nxd4 Nf6 5. Nc3 Nc6 6. Bg5 e6 7. Qd2 a6 8. Nxc6 bxc6 9. O-O-O {[%emt 0:00:00][%cal Oe4e5] aiming for e5!} Be7 10. Bxf6 {[%emt 0:00:30] White is slightly better.} gxf6 11. Bc4 Qa5 12. Bb3 h5 13. f4 Rb8 14. Kb1 Kf8 15. Rhf1 Bd7 {[%emt 0:05:30] [#]} 16. f5 $1 exf5 17. exf5 d5 18. Qd4 Qb6 (18... Rb4 $11 {was preferrable.} 19. Qe3 Bc5) 19. Qh4 $14 Qc7 20. g3 (20. a3 $16) 20... Rb4 $11 21. Rd4 Qb6 22. Rxb4 Qxb4 23. Rf4 (23. Qxb4 {simplifies} Bxb4 24. Na4 h4 25. c4) 23... Qb6 {[%emt 0:00:30] [#] ( -> ...Qg1+)} 24. a3 Rh6 25. Qh3 Qe3 26. Qf1 Bd6 27. Nd1 Qd2 28. Rf2 Qa5 29. Qe2 Qb6 30. g4 (30. Ka2 $11) 30... hxg4 $17 31. Qxg4 Rxh2 32. Rf1 {[%emt 0:00:38] White is weak on the dark squares} (32. Rxh2 $17 {might work better.} Bxh2 33. Ka2) 32... Be5 $19 33. Rg1 (33. Nc3 $142) 33... Ke7 $2 {[%emt 0:01:30] Active counter play!} (33... Bxf5 $19 {and Black stays clearly on top.} 34. Qg8+ Ke7) 34. Re1 $17 Kf8 $2 (34... a5 35. Rxe5+ fxe5 36. Qg5+ Kf8) 35. Rg1 $1 $19 Qd4 36. Qg7+ (36. Qxd4 Bxd4 37. Rf1) 36... Ke7 37. Nc3 Bxf5 {[%emt 0:02:00] Strongly threatening ...Qf2. A strong pair of Bishops.} 38. Rd1 Rd2 (38... Qf2 39. Rc1 Bf4 (39... Qg2 $2 40. Qxg2 Rxg2 41. Rf1 $19)) 39. Rf1 (39. Re1 {was called for.}) 39... Bg6 {[%emt 0:03:30] ...Qe3 would now be deadly. Black is clearly winning.} 40. Qh8 Qb6 41. Kc1 Rg2 (41... Qe3 $142 42. Kb1 d4) 42. Qh1 Qe3+ 43. Kb1 Rh2 44. Qxd5 Qxc3 {[%emt 0:00:00] Weighted Error Value: White=0.73/Black=0.55.  Missed win:     	---       	Black=1      Mistake:       	White=6     	Black=3      Inaccurate:     	White=4     	Black=4      OK:         	White=10    	Black=16     Best:        	White=1     	Black=2      Strong:       	White=1     	---} (44... cxd5 45. Nxd5+ Kf8 46. Nxe3 $11) 0-1

[Event "10th Cesme Open-A 2024"]
[Site "Cesme"]
[Date "2024.06.23"]
[Round "1"]
[White "Biyiksiz, Ali Batuhan"]
[Black "Pacher, Milan"]
[Result "1/2-1/2"]
[ECO "A13"]
[WhiteElo "2107"]
[BlackElo "2387"]
[Annotator "RC"]
[PlyCount "71"]
[EventDate "2024.06.23"]
[EventType "swiss"]
[EventCountry "TUR"]
[SourceTitle "playchess.com"]
[Source "ChessBase"]
[SourceQuality "1"]
[TimeControl "5400+30"]

1. Nf3 d5 2. e3 Nf6 3. c4 e6 4. b3 c5 5. Bb2 Nc6 6. cxd5 exd5 7. Bb5 Bd6 8. O-O O-O 9. d4 cxd4 10. Nxd4 Bd7 11. Nd2 Rc8 12. Be2 Bb8 13. N2f3 Qe7 14. Rc1 Rfe8 15. Nb5 a6 16. Ba3 Qe6 17. Nbd4 Nxd4 18. Qxd4 Ne4 19. Rxc8 Rxc8 20. Bb2 f6 21. Rd1 Bc6 22. Rc1 Qd6 23. g3 Bd7 24. Rxc8+ Bxc8 25. Bd3 Be6 26. Bxe4 dxe4 27. Qxe4 Qd1+ 28. Kg2 Qd7 29. Qd4 Bh3+ 30. Kg1 Qc6 31. Qc4+ Qxc4 32. bxc4 Kf7 33. Nd4 Be5 34. f3 Bxd4 35. exd4 Bf5 36. a4 1/2-1/2

[Event "10th Cesme Open-A 2024"]
[Site "Cesme"]
[Date "2024.06.23"]
[Round "1"]
[White "Anacak, Hasan Gunes"]
[Black "Samani, Yamac"]
[Result "0-1"]
[ECO "B13"]
[WhiteElo "2095"]
[BlackElo "2360"]
[Annotator "RC"]
[PlyCount "88"]
[EventDate "2024.06.23"]
[EventType "swiss"]
[EventCountry "TUR"]
[SourceTitle "playchess.com"]
[Source "ChessBase"]
[SourceQuality "1"]
[TimeControl "5400+30"]

1. e4 c6 2. d4 d5 3. exd5 cxd5 4. Bd3 Nf6 5. c3 Bg4 6. Ne2 e6 7. O-O Bd6 8. Qe1 Qc7 9. f3 Bh5 10. Qh4 O-O 11. Nf4 Bg6 12. Nxg6 hxg6 13. f4 Ne4 14. Nd2 Be7 15. Qh3 f5 16. Nxe4 dxe4 17. Be2 Nc6 18. b3 Kf7 19. g3 Bf6 20. Bb2 Nxd4 21. cxd4 Qc2 22. Rac1 Qxe2 23. Rc7+ Kg8 24. Qg2 Qxg2+ 25. Kxg2 Rac8 26. Rfc1 Rxc7 27. Rxc7 Rd8 28. Rc4 b5 29. Rc7 Bxd4 30. Bxd4 Rxd4 31. Rxa7 Rd2+ 32. Kf1 Rxh2 33. Rb7 Rxa2 34. Rxb5 Kf7 35. Rb7+ Kf6 36. b4 Rb2 37. b5 e3 38. b6 g5 39. fxg5+ Ke5 40. Rxg7 Ke4 41. Rc7 Kf3 42. Rc1 Rxb6 43. g6 Rb7 44. Ke1 Rg7 0-1

[Event "10th Cesme Open-A 2024"]
[Site "Cesme"]
[Date "2024.06.23"]
[Round "1"]
[White "Abbasi Abeluie, Mohammad Mehdi"]
[Black "Schekachikhin, Maksim"]
[Result "1/2-1/2"]
[ECO "A21"]
[WhiteElo "2079"]
[BlackElo "2343"]
[Annotator "RC"]
[PlyCount "90"]
[EventDate "2024.06.23"]
[EventType "swiss"]
[EventCountry "TUR"]
[SourceTitle "playchess.com"]
[Source "ChessBase"]
[SourceQuality "1"]
[TimeControl "5400+30"]

1. c4 e5 2. Nc3 Bb4 3. Nd5 Be7 4. Nf3 d6 5. e3 Nf6 6. Nxe7 Qxe7 7. d3 O-O 8. Be2 c5 9. O-O Nc6 10. b3 a5 11. d4 a4 12. d5 Nb8 13. Bb2 Na6 14. bxa4 Bd7 15. a5 Nb8 16. Bc3 Ne4 17. Be1 f5 18. Qb1 Bc8 19. Bd3 Nxf2 20. Rxf2 e4 21. Bc2 exf3 22. Rxf3 g6 23. Ba4 Qe5 24. Qc1 Bd7 25. Bc3 Qe7 26. Bc2 Bc8 27. e4 Nd7 28. exf5 Ne5 29. Bxe5 Qxe5 30. fxg6 Rxf3 31. gxf3 hxg6 32. Qe1 Qxe1+ 33. Rxe1 Kf7 34. Kf2 Rxa5 35. a4 Bf5 36. Bb3 Ra6 37. Re2 Bd7 38. Ra2 Kf6 39. Ke3 Ra8 40. Bc2 g5 41. Rb2 Bxa4 42. Be4 Rh8 43. Rb6 Ke5 44. Rxb7 Kf6 45. Rb6 Ke5 1/2-1/2

[Event "10th Cesme Open-A 2024"]
[Site "Cesme"]
[Date "2024.06.23"]
[Round "1"]
[White "Aliyev, Elnur"]
[Black "Ebrahimi Herab, Hamidreza"]
[Result "0-1"]
[ECO "A16"]
[WhiteElo "2073"]
[BlackElo "2333"]
[Annotator "RC"]
[PlyCount "149"]
[EventDate "2024.06.23"]
[EventType "swiss"]
[EventCountry "TUR"]
[SourceTitle "playchess.com"]
[Source "ChessBase"]
[SourceQuality "1"]
[TimeControl "5400+30"]

1. c4 Nf6 2. Nc3 d5 3. cxd5 Nxd5 4. Nf3 g6 5. Qc2 Nc6 6. e4 Ndb4 7. Qb1 Nd4 8. Nxd4 Qxd4 9. d3 Bg7 10. Be2 Be6 11. O-O O-O 12. Rd1 Nc6 13. Be3 Qd7 14. Bf1 Rfd8 15. Ne2 Nd4 16. Nxd4 Bxd4 17. Bxd4 Qxd4 18. Qc2 c5 19. Re1 a5 20. Rac1 b6 21. a3 a4 22. Qe2 Ra5 23. Rc3 b5 24. Qe3 b4 25. Qxd4 Rxd4 26. Rcc1 Rb5 27. f4 bxa3 28. bxa3 Rb3 29. Ra1 Kf8 30. Rec1 c4 31. dxc4 Rxe4 32. g3 Ree3 33. c5 Ke8 34. c6 Rec3 35. Rxc3 Rxc3 36. Rd1 Kf8 37. Rd4 Rxa3 38. c7 Rc3 39. Bc4 Bh3 40. Rd8+ Kg7 41. c8=Q Bxc8 42. Rxc8 a3 43. Kf2 a2 44. Ra8 Rxc4 45. Rxa2 Kf6 46. Ra6+ e6 47. Ra2 Kf5 48. Kf3 Rc3+ 49. Kf2 h5 50. Ra7 Rc2+ 51. Kf3 Rc3+ 52. Kg2 f6 53. Ra5+ e5 54. fxe5 fxe5 55. Ra6 Rc2+ 56. Kg1 e4 57. h3 e3 58. Kf1 Rf2+ 59. Kg1 Rb2 60. Kf1 Ke4 61. Rxg6 Kf3 62. Rf6+ Kxg3 63. Re6 Rb3 64. Ke2 Kxh3 65. Kf3 h4 66. Re4 Rb7 67. Rxe3 Rf7+ 68. Ke2+ Kg2 69. Re8 Rg7 70. Ke3 h3 71. Ra8 h2 72. Ra2+ Kh3 73. Ra1 Rg1 74. Ra8 h1=Q 75. Ke2 0-1

[Event "10th Cesme Open-A 2024"]
[Site "Cesme"]
[Date "2024.06.23"]
[Round "1"]
[White "Tinmaz, Kerem"]
[Black "Bicer, Atakan Mert"]
[Result "0-1"]
[ECO "B23"]
[WhiteElo "2058"]
[BlackElo "2313"]
[Annotator "RC"]
[PlyCount "68"]
[EventDate "2024.06.23"]
[EventType "swiss"]
[EventCountry "TUR"]
[SourceTitle "playchess.com"]
[Source "ChessBase"]
[SourceQuality "1"]
[TimeControl "5400+30"]

1. e4 c5 2. Nc3 d6 3. d4 cxd4 4. Qxd4 Nc6 5. Qd2 Nf6 6. b3 e5 7. Bb2 Be7 8. O-O-O O-O 9. Kb1 Be6 10. f3 a5 11. Bb5 Qb6 12. Nge2 Rfd8 13. Qe1 Na7 14. Qg1 Qc7 15. Qe3 h6 16. Rd3 d5 17. exd5 Bc5 18. Qc1 Bf5 19. Rdd1 Nxb5 20. Nxb5 Qb6 21. Nec3 a4 22. bxa4 Be3 23. Rd2 Nxd5 24. Rhd1 Nxc3+ 25. Nxc3 Bxd2 26. Rxd2 Rxd2 27. Qxd2 Qg1+ 28. Bc1 Rc8 29. g4 Bg6 30. Kb2 Qb6+ 31. Ka1 Qd4 32. Qxd4 exd4 33. Nb5 Rxc2 34. Bf4 d3 0-1

[Event "10th Cesme Open-A 2024"]
[Site "Cesme"]
[Date "2024.06.23"]
[Round "1"]
[White "Demirtas, Alper"]
[Black "Taspinar, Yanki"]
[Result "1-0"]
[ECO "D02"]
[WhiteElo "2057"]
[BlackElo "2309"]
[Annotator "RC"]
[PlyCount "103"]
[EventDate "2024.06.23"]
[EventType "swiss"]
[EventCountry "TUR"]
[SourceTitle "playchess.com"]
[Source "ChessBase"]
[SourceQuality "1"]
[TimeControl "5400+30"]

1. Nf3 Nf6 2. d4 d5 3. c3 Bf5 4. Qb3 Qc8 5. c4 e6 6. Nc3 c6 7. Bf4 Nbd7 8. h3 Be7 9. Rc1 O-O 10. e3 h6 11. Be2 dxc4 12. Bxc4 b5 13. Be2 a6 14. Ne5 Nxe5 15. Bxe5 Nd7 16. Bg3 c5 17. O-O c4 18. Qd1 Nb6 19. Bf3 Ra7 20. e4 Bg6 21. a4 Qd7 22. a5 Nc8 23. d5 Bg5 24. Ra1 exd5 25. Nxd5 Ne7 26. h4 Nxd5 27. hxg5 Ne7 28. gxh6 Qxd1 29. Rfxd1 gxh6 30. Bf4 Kh7 31. Rd6 Nc8 32. Rf6 Kg7 33. Be5 Kg8 34. Bd4 Rc7 35. Rxa6 b4 36. Bb6 Rc6 37. e5 Re6 38. Bd5 c3 39. bxc3 Rxe5 40. c4 Bd3 41. Ra8 b3 42. Bd4 Re2 43. Rb8 Nd6 44. Rxb3 Bxc4 45. Bxc4 Nxc4 46. Rg3+ Kh7 47. Rg7+ Kh8 48. Rxf7+ Kg8 49. Rxf8+ Kxf8 50. a6 Re8 51. a7 Ra8 52. Rb1 1-0

[Event "10th Cesme Open-A 2024"]
[Site "Cesme"]
[Date "2024.06.23"]
[Round "1"]
[White "Cakiroglu, Metin"]
[Black "Koksal, Ege"]
[Result "0-1"]
[ECO "B11"]
[WhiteElo "2039"]
[BlackElo "2297"]
[Annotator "RC"]
[PlyCount "56"]
[EventDate "2024.06.23"]
[EventType "swiss"]
[EventCountry "TUR"]
[SourceTitle "playchess.com"]
[Source "ChessBase"]
[SourceQuality "1"]
[TimeControl "5400+30"]

1. e4 c6 2. Nc3 d5 3. Nf3 Bg4 4. h3 Bxf3 5. Qxf3 e6 6. Be2 g6 7. O-O Bg7 8. d3 Nd7 9. Qg3 Ngf6 10. Bg5 Qb8 11. f4 Qc7 12. e5 Ng8 13. d4 Nh6 14. Qd3 f5 15. exf6 Nxf6 16. g4 Nf7 17. Rae1 Nxg5 18. fxg5 Nd7 19. Bd1 e5 20. dxe5 Bxe5 21. Qd4 O-O-O 22. Qxa7 Bxc3 23. Qa8+ Nb8 24. bxc3 Qg3+ 25. Kh1 Qxh3+ 26. Kg1 Qg3+ 27. Kh1 h6 28. gxh6 Rxh6# 0-1

[Event "10th Cesme Open-A 2024"]
[Site "Cesme"]
[Date "2024.06.23"]
[Round "1"]
[White "Portakalci, Yusuf"]
[Black "Karaoglan, Kivanc"]
[Result "1-0"]
[ECO "D02"]
[WhiteElo "2034"]
[BlackElo "2274"]
[Annotator "RC"]
[PlyCount "181"]
[EventDate "2024.06.23"]
[EventType "swiss"]
[EventCountry "TUR"]
[SourceTitle "playchess.com"]
[Source "ChessBase"]
[SourceQuality "1"]
[TimeControl "5400+30"]

1. d4 Nf6 2. Nf3 d5 3. Bf4 c5 4. c3 Nc6 5. e3 Qb6 6. Qc1 Bg4 7. Nbd2 Rc8 8. Qb1 e6 9. Bd3 Be7 10. O-O Bh5 11. Ne5 Nxe5 12. dxe5 Nd7 13. c4 Bg6 14. Bg3 O-O 15. b3 Rfd8 16. e4 Nb8 17. exd5 exd5 18. cxd5 Rxd5 19. Nc4 Qe6 20. Bxg6 hxg6 21. f4 Nc6 22. f5 gxf5 23. Rxf5 Nd4 24. Rf2 Bg5 25. Kh1 b5 26. Nd6 Rc7 27. a4 Be3 28. Rf1 Ne2 29. Nf5 Nxg3+ 30. Nxg3 b4 31. Qe4 Qxe5 32. Qg4 Rd4 33. Qh3 Rf4 34. Rae1 Qc3 35. Nf5 Rxf1+ 36. Rxf1 Bd2 37. Qh4 Qd3 38. Rd1 Rd7 39. Ne7+ Kf8 40. Nc6 f6 41. Qh8+ Kf7 42. Qh5+ g6 43. Qh7+ Ke6 44. Qg8+ Kf5 45. Qe8 Kg5 46. Ne7 Rd4 47. h3 Qe4 48. Rf1 Rd3 49. Kh2 Bf4+ 50. Kg1 Re3 51. h4+ Kxh4 52. Qxg6 Qxg6 53. Nxg6+ Kg3 54. Nxf4 Rxb3 55. Nh5+ Kh4 56. Nxf6 c4 57. Kh2 Kg5 58. Ne4+ Kg4 59. Nf6+ Kg5 60. Ne4+ Kg4 61. Nd2 Rc3 62. Re1 Rc2 63. Re4+ Kf5 64. Rxc4 Rxd2 65. Rxb4 Ra2 66. Rb5+ Kg4 67. Ra5 Kh4 68. Rxa7 Kg4 69. a5 Kg5 70. a6 Kg6 71. Ra8 Kg7 72. Kh3 Kg6 73. Kh4 Kg7 74. g3 Kg6 75. g4 Ra3 76. g5 Ra4+ 77. Kg3 Kg7 78. Kf3 Kg6 79. Ke3 Kg7 80. Kd3 Ra5 81. Kc4 Rxg5 82. Kb4 Rg1 83. Kb5 Rb1+ 84. Kc6 Rc1+ 85. Kb7 Rb1+ 86. Ka7 Kf7 87. Rb8 Ra1 88. Rb6 Re1 89. Ka8 Re8+ 90. Rb8 Re7 91. Rb7 1-0

[Event "10th Cesme Open-A 2024"]
[Site "Cesme"]
[Date "2024.06.23"]
[Round "1"]
[White "Oney, Adil Feridun"]
[Black "Yermolinsky, Alex"]
[Result "0-1"]
[ECO "A47"]
[WhiteElo "2014"]
[BlackElo "2421"]
[Annotator "RC"]
[PlyCount "142"]
[EventDate "2024.06.23"]
[EventType "swiss"]
[EventCountry "TUR"]
[SourceTitle "playchess.com"]
[Source "ChessBase"]
[SourceQuality "1"]
[TimeControl "5400+30"]

1. d4 Nf6 2. Nf3 e6 3. Bf4 b6 4. e3 Bb7 5. h3 Bd6 6. Ne5 O-O 7. Nd2 Be7 8. Nef3 c5 9. c3 cxd4 10. exd4 d6 11. Be2 Nbd7 12. O-O Re8 13. Re1 Bf8 14. Bf1 a6 15. a4 Qc7 16. Bh2 Rad8 17. Nc4 h6 18. Nfd2 Qc6 19. Ne3 e5 20. Qb3 g6 21. Rad1 h5 22. Nf3 e4 23. Ng5 d5 24. h4 Bd6 25. Bxd6 Qxd6 26. g3 Ng4 27. Nh3 Nxe3 28. Rxe3 Nf6 29. Be2 Bc8 30. Nf4 Bg4 31. Re1 Bxe2 32. R3xe2 Re7 33. Qd1 b5 34. axb5 axb5 35. Qb3 b4 36. Ng2 bxc3 37. bxc3 Rc7 38. Ne3 Ng4 39. Ra1 Qc6 40. Ra3 Rb7 41. Qa2 Kg7 42. Rb3 Nxe3 43. Rxb7 Qxb7 44. Rxe3 Ra8 45. Qd2 Qb3 46. Re1 Ra6 47. Kg2 Rf6 48. Re3 Rc6 49. Qc1 Qa2 50. Qd1 Qb2 51. Qe1 Qc2 52. Kh2 Rb6 53. Re2 Qd3 54. Re3 Rb1 55. Rxd3 Rxe1 56. Rd2 Rc1 57. Ra2 Rxc3 58. Ra5 Rf3 59. Rxd5 Rxf2+ 60. Kg1 Rd2 61. Kf1 Kf8 62. Kg1 f6 63. Rd7 e3 64. Kf1 Rf2+ 65. Ke1 Rg2 66. d5 Rxg3 67. d6 Rg2 68. Ra7 Rd2 69. Rd7 f5 70. Rd8+ Kf7 71. Rd7+ Kf6 0-1